[Event "FRA-ch Teams Top 16-Bas 2022"]
[Site "Chartres"]
[Date "2022.06.17"]
[Round "9.24"]
[White "Afraoui, Solenn"]
[Black "Ruhlmann, Helene"]
[Result "1-0"]
[ECO "B91"]
[WhiteElo "1945"]
[BlackElo "1779"]
[Annotator "NA RC"]
[PlyCount "75"]
[EventDate "2022.06.16"]
[EventType "team-tourn"]
[EventCountry "FRA"]
[SourceTitle "playchess.com"]
[Source "ChessBase"]
[SourceQuality "1"]
[TimeControl "40/5400+30:1800+30"]

1. e4 c5 2. Nf3 d6 3. d4 cxd4 4. Nxd4 Nf6 5. Nc3 a6 6. g3 e5 7. Nb3 Be7 8. a4 Nc6 9. Bg2 Nb4 10. O-O Bg4 11. f3 Be6 12. f4 Qb6+ 13. Kh1 Rc8 14. a5 Qa7 15. Ra4 Bxb3 16. cxb3 Nc6 17. Re1 b5 18. axb6 Qxb6 19. Be3 Qb7 20. Nd5 Nxd5 21. Qxd5 O-O 22. Rc1 Qb5 23. Bf1 Qxd5 24. exd5 Nd4 25. Rxc8 Rxc8 26. Bc4 Rb8 27. fxe5 dxe5 28. Rxa6 Nc2 29. Ba7 Rd8 30. Bb6 Rc8 31. Ra7 Bf8 32. Bc7 Bc5 33. Rb7 Nd4 34. d6 Nc6 35. Bd5 Nd8 36. d7 Ra8 37. Rb5 Ra1+ 38. Kg2 1-0

[Event "FRA-ch Teams Top 16-Bas 2022"]
[Site "Chartres"]
[Date "2022.06.17"]
[Round "9.25"]
[White "Vernay, Clovis"]
[Black "Feller, Sebastien"]
[Result "1/2-1/2"]
[ECO "D14"]
[WhiteElo "2523"]
[BlackElo "2569"]
[Annotator "TA"]
[PlyCount "23"]
[EventDate "2022.06.16"]
[EventType "team-tourn"]
[EventCountry "FRA"]
[SourceTitle "playchess.com"]
[Source "ChessBase"]
[SourceQuality "1"]
[TimeControl "40/5400+30:1800+30"]

1. d4 d5 2. c4 c6 3. cxd5 cxd5 4. Bf4 Nc6 5. e3 Nf6 6. Nc3 Bf5 7. Bd3 Bxd3 8. Qxd3 e6 9. Nf3 Bd6 10. Bxd6 Qxd6 11. O-O {[%emt 0:00:09] [#]} {Predecessor:} O-O $146 {D14: Slav Defence: Exchange variation with ...Bf5.} 12. Rfc1 {½-½ (12) Korobov,A (2699)-Bernadskiy,V (2589) Cattolica 2022} 1/2-1/2

[Event "FRA-ch Teams Top 16-Bas 2022"]
[Site "Chartres"]
[Date "2022.06.17"]
[Round "9.26"]
[White "Postny, Evgeny"]
[Black "Brailly-Vignal, Bastien"]
[Result "1-0"]
[ECO "E11"]
[WhiteElo "2563"]
[BlackElo "2372"]
[Annotator "TA"]
[PlyCount "95"]
[EventDate "2022.06.16"]
[EventType "team-tourn"]
[EventCountry "FRA"]
[SourceTitle "playchess.com"]
[Source "ChessBase"]
[SourceQuality "1"]
[TimeControl "40/5400+30:1800+30"]

1. d4 Nf6 2. Nf3 e6 3. c4 Bb4+ 4. Bd2 a5 5. g3 d6 6. Bg2 Nbd7 7. O-O e5 8. Be3 {[%emt 0:00:14] 8.e3 is setting a new trend.} O-O {[%emt 0:07:30] E11: Bogo-Indian.} 9. a3 exd4 10. Bxd4 Bc5 {[%emt 0:00:06] The position is equal.} 11. Nc3 Re8 12. Qc2 Bxd4 13. Nxd4 Ne5 14. Rad1 c6 15. b3 {[%emt 0:06:05] [#]} Qe7 $146 ({Predecessor:} 15... Qc7 16. Rd2 Bd7 17. Rfd1 Rad8 18. Ne4 Nxe4 19. Bxe4 g6 20. Bg2 Bc8 21. h3 Qb6 22. Qc3 Qc5 {0-1 (70) Stanach,F (2062)-Zakrzewski,M (2233) Jastrzebia Gora 2016}) 16. e4 g6 17. h3 Ned7 18. Rfe1 Nb6 19. a4 Nbd7 20. f4 Nc5 21. Qf2 Qf8 22. Re3 Qh6 23. Qf1 Qg7 24. Nde2 (24. g4 $14) 24... Bf5 $11 25. Rd4 Ncxe4 26. Bxe4 {[%emt 0:08:04] [#] And now Qg2 would win.} Nxe4 (26... c5 $11 27. Rxd6 Nxe4 28. Nxe4 Bxe4) 27. Rdxe4 $14 (27. Nxe4 d5 $11) (27. Rexe4 {is interesting.} Bxe4 28. Rxe4 Rxe4 29. Nxe4 Re8 30. N4c3) 27... Bxe4 28. Rxe4 (28. Nxe4 $2 d5 29. cxd5 cxd5 $19) 28... Rxe4 29. Nxe4 d5 30. cxd5 cxd5 31. Ng5 Rc8 (31... Re8 $14 32. Qd1 Qf8) 32. Qd1 $16 h6 (32... Rd8 $16 {might work better.}) 33. Nf3 $18 Qb2 34. Nfd4 {[%emt 0:01:22] Prevents Qc2.} Re8 35. Kf2 Re4 36. Kf3 h5 37. g4 ({White should try} 37. h4 $16) 37... hxg4+ $14 38. hxg4 b6 39. g5 Kf8 40. Nb5 {[%emt 0:05:36] Pair of Knights!} (40. Qd3 $16) 40... Qh8 $2 {[%emt 0:01:47][%mdl 8192] This costs Black the game.} (40... Rxe2 $1 $11 {and Black stays safe.} 41. Qxe2 Qxb3+ 42. Qe3 Qxa4) 41. Ng3 $18 Qh4 42. Qd2 {[%emt 0:00:00] Really sharp!} (42. Qxd5 Qxf4+ 43. Kg2 Re5 44. Qd6+ Kg8 45. Qd8+ Kg7 46. Qxb6 Qxg5 $17) 42... Rb4 (42... Qh3 $142 43. Nc7 (43. Qxd5 Re1 $18) 43... Re7 44. Nxd5 Re8 45. Nxb6 Qe6) 43. Qe3 {[%emt 0:00:00] Nd6 is the strong threat. Active counter play!} ({Stronger than} 43. Qxd5 Rxf4+ 44. Kg2 Rg4 45. Qd6+ Kg8 $11) 43... Qh8 $2 {[%emt 0:05:07] [#]} (43... Qh3 44. Nd4 (44. Kf2 Qh2+ 45. Kf1 Qh4 $11) 44... Qc8) 44. Nd6 $1 {[%emt 0:00:00] White wants to mate with Qe8+.} Kg7 45. Qe7 Qh3 46. Qxf7+ {[%emt 0:00:00] White mates.} Kh8 47. Qxd5 Qh7 48. Nf7+ {[%emt 0:00:00] Weighted Error Value: White=0.12 (very precise) /Black=0.45} 1-0

[Event "FRA-ch Teams Top 16-Bas 2022"]
[Site "Chartres"]
[Date "2022.06.17"]
[Round "9.27"]
[White "Crut, Aurelien"]
[Black "Ganguly, Surya Shekhar"]
[Result "0-1"]
[ECO "C67"]
[WhiteElo "2355"]
[BlackElo "2616"]
[Annotator "TA"]
[PlyCount "126"]
[EventDate "2022.06.16"]
[EventType "team-tourn"]
[EventCountry "FRA"]
[SourceTitle "playchess.com"]
[Source "ChessBase"]
[SourceQuality "1"]
[TimeControl "40/5400+30:1800+30"]

1. e4 e5 2. Nf3 Nc6 3. Bb5 Nf6 4. O-O Nxe4 5. Re1 Nd6 6. Nxe5 Be7 7. Bf1 Nf5 {[%emt 0:00:11] C67: Ruy Lopez: Berlin Defence: 4 0-0 Nxe4.} 8. c3 Nxe5 9. Rxe5 d6 {[%emt 0:00:06] The position is equal.} 10. Re1 c5 11. d3 O-O 12. Nd2 Be6 13. Nf3 Bf6 {[%emt 0:01:15] [#]} 14. h3 $146 ({Predecessor:} 14. g3 h6 15. Bg2 Qb6 16. Nd2 d5 17. Nf1 Rfe8 18. Qb3 g5 19. Bd2 Qd6 20. Re2 {0-1 (30) Arjun,K (2397)-Ganguly,S (2642) Dubai 2018}) 14... Re8 15. Bf4 h6 16. g4 Ne7 17. Bg2 Ng6 18. Bg3 Qb6 19. Qd2 Bd5 20. Rxe8+ Rxe8 21. Ne1 (21. a3 $11) 21... Qc6 $15 22. Bxd5 Qxd5 23. c4 Qc6 $40 {[%emt 0:02:37][%mdl 128] Black is up to no good. 0x0.00166ce03b68dp-1022s more active pieces.} 24. Ng2 {[%emt 0:00:18] Inhibits Bh4.} d5 25. Re1 Rxe1+ 26. Nxe1 dxc4 27. dxc4 Qe4 28. b3 Bd4 29. Qd1 (29. Ng2 $11) 29... Nf4 {[%emt 0:06:52] White is on the road to losing.} 30. Bxf4 Qxf4 $17 {[%emt 0:00:04][%mdl 4096] Endgame KQB-KQN} 31. Qe2 (31. Qf3 $17 {was called for.} Qd2 32. Nd3) 31... Qg3+ $1 $19 32. Ng2 g5 ({And not} 32... Qxh3 33. Qe8+ Kh7 34. Qxf7 $15) 33. Kf1 Qxh3 {[%emt 0:00:24][%cal Rh3h1] [#]} 34. Qe8+ Kg7 {[%emt 0:00:03] Hoping for ...Qh1+.} 35. Qe4 h5 36. gxh5 Qh1+ ({Inferior is} 36... Qxh5 37. Qxb7 Qh1+ 38. Ke2 $17) 37. Ke2 Qxh5+ 38. Qf3 (38. f3 {keeps fighting.}) 38... Qxf3+ 39. Kxf3 {[%emt 0:00:01] KB-KN} f5 40. Ne1 g4+ 41. Kg2 a6 42. a4 Kg6 {[%emt 0:02:36] And now ...Kg5 would win.} 43. Nd3 Kf6 {[%emt 0:00:28] Threatens to win with ...Kg5.} 44. f3 $2 (44. Kg3) 44... Kg5 45. Kg3 f4+ 46. Kg2 Kf5 47. Ne1 Be3 48. Nd3 b6 (48... gxf3+ $142 49. Kxf3 a5) 49. fxg4+ Kxg4 {[%emt 0:00:23] ( -> ...f3+)} 50. Ne5+ (50. Ne1 $142) 50... Kf5 51. Nd7 {[%emt 0:00:14] [#]} Ke4 $1 52. Nxb6 Kd3 {[%emt 0:02:37] Black mates.} 53. Nd5 a5 54. Kf3 Kc2 55. b4 cxb4 56. Nxe3+ fxe3 {[%emt 0:00:09] K3P-KPP} 57. c5 Kd3 58. c6 e2 59. c7 e1=Q 60. c8=Q Qe4+ 61. Kg3 b3 62. Qd8+ Qd4 63. Qxa5 Kc2 {[%emt 0:00:05] Weighted Error Value: White=0.66/Black=0.12 (very precise)} 0-1

[Event "FRA-ch Teams Top 16-Bas 2022"]
[Site "Chartres"]
[Date "2022.06.17"]
[Round "9.28"]
[White "Lazarev, Vladimir"]
[Black "Marzolo, Cyril"]
[Result "1/2-1/2"]
[ECO "E36"]
[WhiteElo "2491"]
[BlackElo "2376"]
[Annotator "TA"]
[PlyCount "34"]
[EventDate "2022.06.16"]
[EventType "team-tourn"]
[EventCountry "FRA"]
[SourceTitle "playchess.com"]
[Source "ChessBase"]
[SourceQuality "1"]
[TimeControl "40/5400+30:1800+30"]

1. d4 Nf6 2. c4 e6 3. Nc3 Bb4 4. Qc2 d5 5. a3 Bxc3+ 6. Qxc3 O-O 7. Nf3 b6 {[%emt 0:03:35] E36: Nimzo-Indian: Classical: 4...d5 5 a3.} 8. Bg5 dxc4 9. Qxc4 Ba6 {[%emt 0:00:10] The position is equal.} 10. Qc2 Nbd7 11. e4 Bxf1 12. Rxf1 {[%emt 0:00:00] Black must now prevent e5.} h6 13. Bh4 {[%emt 0:00:00] Threatens to win with e5.} Qc8 14. O-O-O Qb7 15. Rfe1 c5 16. d5 exd5 17. exd5 {[%emt 0:00:00] [#]} Rfe8 $146 {[%emt 0:00:00] Prevents Re7.  Weighted Error Value: White=0.05 (flawless) /Black=0.02 (flawless)} (17... Nxd5 $2 18. Qe4 $18) ({Predecessor:} 17... Nxd5 18. Qe4 g5 19. Qxd5 Qxd5 20. Rxd5 Nf6 21. Rf5 Kg7 22. Bg3 Kg6 23. Rfe5 Rad8 {0-1 (52) Blackman,J (2208)-Kepeshchuk,M (2269) Chess.com INT 2019}) 1/2-1/2

[Event "FRA-ch Teams Top 16-Bas 2022"]
[Site "Chartres"]
[Date "2022.06.17"]
[Round "9.29"]
[White "Buscara, Sevan"]
[Black "Bailet, Pierre"]
[Result "1/2-1/2"]
[ECO "D35"]
[WhiteElo "2385"]
[BlackElo "2509"]
[Annotator "TA"]
[PlyCount "90"]
[EventDate "2022.06.16"]
[EventType "team-tourn"]
[EventCountry "FRA"]
[SourceTitle "playchess.com"]
[Source "ChessBase"]
[SourceQuality "1"]
[TimeControl "40/5400+30:1800+30"]

1. d4 Nf6 2. Nf3 d5 3. c4 e6 4. Nc3 Be7 5. cxd5 exd5 6. Bf4 c6 7. Qc2 O-O 8. e3 Nbd7 9. Bd3 Re8 10. O-O Nf8 11. h3 Ng6 12. Bh2 Bd6 13. Bxd6 Qxd6 14. Rae1 {[%emt 0:06:09] D35: Queen's Gambit Declined: Exchange Variation.} Bd7 15. b4 {[%emt 0:05:38] [#]} Rac8 $146 ({Don't do} 15... Qxb4 16. Rb1 Qd6 17. Rxb7 $16) ({Predecessor:} 15... b6 16. Rb1 Rac8 17. Bf5 Rc7 18. Bxd7 Qxd7 19. Na4 c5 20. bxc5 Ne4 {1-0 (61) Bihari,M (1992)-Tornyai,J (1974) Hungary 2010}) 16. Ng5 {[%emt 1:01:44] White has an edge.} b6 17. Qb1 c5 18. Nb5 Bxb5 19. Bxb5 {[%emt 0:00:30] Threatens to win with bxc5.} Red8 20. bxc5 bxc5 21. dxc5 Rxc5 {[%emt 0:00:00] Strongly threatening ...Rb8.} 22. Bd3 d4 23. Ne4 Nxe4 24. Bxe4 dxe3 25. Rxe3 Nf8 26. Rd3 Qc7 27. Rxd8 Qxd8 28. Rd1 Qg5 29. g3 g6 30. Qb8 Rc1 31. Rxc1 Qxc1+ $11 {[%emt 0:00:00][%mdl 4096] Endgame KQB-KQN} 32. Kg2 Qc5 33. Qb7 Ne6 34. Qd7 (34. Bd5 {looks sharper.} Nc7 35. Qb8+ Kg7 36. Qb2+) 34... Qc7 35. Qe8+ Kg7 36. Bd5 Nd4 37. a4 Nf5 38. h4 {[%emt 0:00:51] [#]} (38. Qe1 $11) 38... a5 ({Black should try} 38... Nxg3 $1 $17 39. fxg3 Qc2+ 40. Kh3 Qf5+ 41. Kh2 Qxd5) 39. Qe1 Qb6 40. Qc3+ (40. Qe5+ {keeps more tension.} f6 41. Qe8 Qd6 42. Qf7+) 40... Nd4 {[%emt 0:02:09] The position is equal.} 41. Qc4 Ne6 $1 42. Bxe6 fxe6 43. Qc3+ Kf7 44. Qh8 Qc6+ 45. Kh2 Qxa4 {[%emt 0:00:29] Weighted Error Value: White=0.12 (very precise) /Black=0.09 (flawless)} 1/2-1/2

[Event "FRA-ch Teams Top 16-Bas 2022"]
[Site "Chartres"]
[Date "2022.06.17"]
[Round "9.30"]
[White "Koch, Jean-Rene"]
[Black "Rouler, Charly"]
[Result "1-0"]
[ECO "A34"]
[WhiteElo "2441"]
[BlackElo "2345"]
[Annotator "TA"]
[PlyCount "73"]
[EventDate "2022.06.16"]
[EventType "team-tourn"]
[EventCountry "FRA"]
[SourceTitle "playchess.com"]
[Source "ChessBase"]
[SourceQuality "1"]
[TimeControl "40/5400+30:1800+30"]

1. c4 Nf6 2. Nc3 c5 3. Nf3 b6 4. e4 d6 5. d4 cxd4 6. Nxd4 Bb7 7. Qe2 e6 8. g3 a6 9. Bg2 Be7 10. O-O Qc7 11. Be3 {[%emt 0:07:15] A34: Symmetrical English: 2 Nc3, lines with ...d5.} Nbd7 12. Rac1 O-O 13. b3 {[%emt 0:11:35] White is slightly better.} Rac8 14. f4 Rfe8 15. g4 {[%emt 0:15:08] [#] g5 is the strong threat.} g6 $146 (15... Nc5 $11) ({Predecessor:} 15... Nc5 16. Bd2 g6 17. g5 Nh5 18. f5 Bf8 19. fxe6 fxe6 20. Bh3 Bg7 21. Qe3 Be5 {½-½ (27) Schlemmer,H-Drill,F GER corr 1989}) 16. f5 e5 {[%emt 0:15:36] [#]} (16... exf5 $142 17. gxf5 (17. exf5 d5 $11) 17... Qd8) 17. Nd5 ({White should try} 17. fxg6 $1 hxg6 18. Nc2) 17... Qd8 $16 18. Nc2 {[%emt 0:07:40][%cal Bd4c2,Bc2e3,Be3g4][%mdl 32] 0x0.0022fab78b80dp-1022s more active pieces.} Nxd5 19. exd5 Bg5 20. Qf2 {[%emt 0:03:50] Against Bf4} Rf8 21. Bxg5 Qxg5 22. Ne3 e4 23. h4 (23. Bxe4 Rce8 24. h4 Qe7 25. fxg6 fxg6 $19) 23... Qe7 24. f6 Qe5 25. g5 $36 {[%emt 0:00:30][%mdl 2048] Strongly threatening Bh3. Keeping Black busy.} h5 26. gxh6 (26. Bh3 $16 Rc7 27. Bxd7 Rxd7 28. Qf4) 26... Nc5 27. Ng4 Qh5 28. Qg3 {[%emt 0:00:30] Threatens to win with Ne3.} Rcd8 {[%emt 0:00:30] Black cannot hold the game after this.} (28... Rce8 $11 {and Black stays safe.}) 29. Rce1 $18 Rfe8 (29... Bc8 $16 {keeps fighting.}) 30. Nf2 Qe5 $2 (30... Bc8 {was necessary.} 31. Nxe4 (31. b4 Nd3 $16) 31... Nxe4 32. Bxe4 (32. Rxe4 Rxe4 33. Bxe4 Qxh6 $16) 32... Qxh6) 31. Nxe4 Nxe4 32. Qxe5 Rxe5 33. Rxe4 ({Less strong is} 33. Bxe4 Rde8 34. Rf4 Bc8 $14) 33... Rxe4 34. Bxe4 {[%emt 0:00:30] KRB-KRB} Kh8 35. Re1 {[%emt 0:00:30][%cal Oe4g6] Hoping for Bxg6!} Re8 $2 (35... Kh7 {is a better defense.} 36. Bd3 Rf8) 36. Kf2 {[%emt 0:00:00][%cal Oe4g6] Black must now prevent Bxg6!} Bc8 {[%emt 0:00:00] [#]} 37. Bxg6 $1 {[%emt 0:00:00][%mdl 512] Weighted Error Value: White=0.19 (very precise) /Black=0.55} 1-0

[Event "FRA-ch Teams Top 16-Bas 2022"]
[Site "Chartres"]
[Date "2022.06.17"]
[Round "9.31"]
[White "Benitah, Yohan"]
[Black "Visakh N R"]
[Result "0-1"]
[ECO "A65"]
[WhiteElo "2383"]
[BlackElo "2506"]
[Annotator "TA"]
[PlyCount "70"]
[EventDate "2022.06.16"]
[EventType "team-tourn"]
[EventCountry "FRA"]
[SourceTitle "playchess.com"]
[Source "ChessBase"]
[SourceQuality "1"]
[TimeControl "40/5400+30:1800+30"]

1. d4 Nf6 2. c4 c5 3. d5 e6 4. Nc3 exd5 5. cxd5 d6 6. e4 g6 7. f3 Bg7 8. Bg5 h6 9. Be3 a6 10. a4 O-O 11. Qd2 Re8 12. Nge2 Nbd7 13. Nd1 {[%emt 0:01:37] A65: Modern Benoni: 6 e4.} Ne5 14. Nec3 Nh5 15. Nf2 {[%emt 0:09:57] The position is equal.} g5 16. Be2 Qf6 17. O-O Nf4 {[%emt 0:01:51] [#]} 18. a5 $146 (18. Bxf4 $5 Qxf4 19. Qxf4 gxf4 20. Kh1 $11) ({Predecessor:} 18. Kh1 Bd7 19. Ng4 Qg6 20. Nxe5 Bxe5 21. Bc4 f5 22. g3 Nh3 23. Bd3 f4 24. gxf4 Nxf4 {1-0 (37) Miljkovic,M (2172)-Stefanovic,V (2142) Jagodina 2011}) 18... Rb8 19. Ra3 b5 20. axb6 $1 Nxe2+ 21. Qxe2 Rxb6 22. Rc1 Qg6 {[%emt 0:07:00] Black is more active.} 23. Na4 Rb8 24. Kh1 f5 25. exf5 Qxf5 ({Black should try} 25... Bxf5 $17 {White must now prevent ...Rb4.} 26. Re1 g4) 26. Ne4 (26. Nc3 $1 $15) 26... Qg6 $17 27. Nac3 g4 28. f4 $2 {[%emt 0:07:04] This costs White the game.} (28. Rg1 $17) 28... Nf7 $19 29. Ng3 {[%emt 0:00:37] [#]} h5 $1 30. f5 Bxf5 31. Nxf5 Qxf5 32. Qd2 (32. Rf1 Qg6 33. Nd1) 32... Ne5 {[%emt 0:00:56][%cal Bf7e5,Be5c4,Bc4d2][%mdl 32] And now ...Nc4 would win. Black is clearly winning.} 33. Ne2 {[%emt 0:01:16] [#]} Nc4 $1 34. Ng3 Nxd2 35. Nxf5 Bxb2 {[%emt 0:00:03] Weighted Error Value: White=0.46/Black=0.07 (flawless)} 0-1

[Event "FRA-ch Teams Top 16-Bas 2022"]
[Site "Chartres"]
[Date "2022.06.17"]
[Round "9.32"]
[White "Schippke, Manon"]
[Black "Djidjeli, Sarah"]
[Result "1-0"]
[ECO "B31"]
[WhiteElo "2072"]
[BlackElo "2040"]
[Annotator "NA RC"]
[PlyCount "111"]
[EventDate "2022.06.16"]
[EventType "team-tourn"]
[EventCountry "FRA"]
[SourceTitle "playchess.com"]
[Source "ChessBase"]
[SourceQuality "1"]
[TimeControl "40/5400+30:1800+30"]

1. e4 c5 2. Nf3 Nc6 3. Bb5 g6 4. O-O Bg7 5. c3 Nf6 6. Re1 O-O 7. d4 d5 8. e5 Ne4 9. Be3 Qb6 10. Bxc6 bxc6 11. Qc1 cxd4 12. cxd4 Rb8 13. b3 f6 14. Nc3 f5 15. Na4 Qb5 16. Bg5 Rf7 17. Qf4 e6 18. Rac1 Bd7 19. Bh6 Re8 20. Bxg7 Rxg7 21. h4 Qa5 22. Re2 Qd8 23. Ng5 Nxg5 24. hxg5 h6 25. gxh6 g5 26. Qh2 Rg6 27. Nc5 Kh7 28. Qh5 Reg8 29. Nxd7 Qxd7 30. Rec2 Rxh6 31. Qe2 Kg6 32. Rxc6 Rgh8 33. f3 Rh1+ 34. Kf2 Rxc1 35. Rxc1 Qh7 36. Qa6 Qh4+ 37. Ke2 Re8 38. Rc6 Qxd4 39. Rxe6+ Rxe6 40. Qxe6+ Kh5 41. Qxf5 Qb2+ 42. Kf1 Qa1+ 43. Kf2 Qd4+ 44. Ke2 Qb2+ 45. Kd1 Qa1+ 46. Kc2 Qxa2+ 47. Kc3 Qa1+ 48. Kd2 Qb2+ 49. Qc2 Qd4+ 50. Qd3 Qf2+ 51. Kc3 Qc5+ 52. Kb2 Kh4 53. e6 d4 54. Qe4+ Kg3 55. Qe1+ Kxg2 56. e7 1-0

[Event "FRA-ch Teams Top 16-Bas 2022"]
[Site "Chartres"]
[Date "2022.06.18"]
[Round "10.1"]
[White "Van Foreest, Lucas"]
[Black "Benitah, Yohan"]
[Result "0-1"]
[ECO "D11"]
[WhiteElo "2572"]
[BlackElo "2383"]
[Annotator "TA"]
[PlyCount "120"]
[EventDate "2022.06.16"]
[EventType "team-tourn"]
[EventCountry "FRA"]
[SourceTitle "playchess.com"]
[Source "ChessBase"]
[SourceQuality "1"]
[TimeControl "40/5400+30:1800+30"]

1. d4 d5 2. c4 c6 3. Nf3 Nf6 4. g3 Bf5 5. Nc3 e6 6. Nh4 {[%emt 0:00:14] D11: Slav Defence: 3 Nf3 sidelines and 3...Nf6 4 e3 Bg4.} Bg4 7. h3 Bh5 8. g4 {[%emt 0:00:47] White is slightly better.} Bg6 9. g5 Nfd7 10. Nxg6 hxg6 11. e4 $36 {[%emt 0:00:41][%cal Re4d5][%mdl 2048] [#] White has good play.} dxe4 $146 ({Predecessor:} 11... Nb6 12. c5 Nc8 13. Bf4 Be7 14. Qd2 Nd7 15. h4 b6 16. b4 a5 17. cxb6 Ncxb6 18. bxa5 Rxa5 {1-0 (51) Shafigullina,Z (2140)-Nguyen,T (2280) St Petersburg 2018}) 12. a3 Rh4 13. Bg2 e5 (13... Nb6 $11 {remains equal.}) 14. Nxe4 $16 exd4 15. Qxd4 Qa5+ 16. Bd2 (16. Kf1 $142) 16... Qe5 {[%emt 0:00:47] Against Nd6+} 17. Qxe5+ (17. Qe3 $16) 17... Nxe5 $14 18. O-O-O Nbd7 19. Bc3 O-O-O 20. c5 (20. Rd4 $14) 20... Kc7 21. Rhe1 Re8 (21... Be7 $11) 22. Kc2 $16 Re6 23. b4 b6 24. Rd4 f5 25. cxb6+ axb6 {[%emt 0:00:48] [#]} 26. Nc5 Bxc5 $11 27. bxc5 {[%emt 0:00:08] This move loses the game for White.} (27. Rxh4 $11 Bxf2 28. Rxe5 $1 (28. Bxe5+ Nxe5 29. Rxe5 Rxe5 $17) 28... Nxe5 29. Rh7) 27... Rxd4 $19 28. cxb6+ {[%emt 0:00:28] [#]} ({Reject} 28. Bxd4 Nf3 $1 29. cxb6+ Kb7 30. Bxf3 Rxe1 31. Bxg7 Re7) 28... Kb7 $1 29. Bxd4 Nf3 $1 {[%emt 0:00:02][%mdl 64] Discovered Attack, Double Attack} 30. Rd1 (30. Bxf3 $142 Rxe1 31. Kd2) 30... Ne1+ 31. Rxe1 Rxe1 {[%emt 0:00:02][%mdl 4096] Endgame KRN-KB} 32. Kd2 Rg1 33. Bf3 Rxg5 ({Inferior is} 33... Nxb6 34. h4 $17) 34. a4 Nxb6 35. a5 Nc4+ 36. Kc3 Nd6 ({Weaker is} 36... Nxa5 37. h4 Rh5 38. Bxh5 gxh5 39. Bxg7 $11) 37. Bxg7 Rg1 38. Kd3 Rc1 {[%emt 0:03:07][%cal Od6e4] aiming for ...Ne4!} 39. Bb2 (39. a6+ $142 Kxa6 40. Kd2) 39... Rb1 40. Kc2 Re1 41. Bc3 Re6 42. Bd4 Nb5 43. Bc5 Nc7 44. Kd3 Ka6 45. Bb4 (45. Kc4 $142) 45... Kb5 46. Bd2 Na6 47. Bg2 (47. Kc3 $142) 47... c5 48. Bf1 Nb4+ 49. Kc3+ Kxa5 50. Kc4 (50. Bg5 $142) 50... Kb6 {[%emt 0:00:00] Black is clearly winning.} 51. Bg2 Nc2 {[%emt 0:07:22] Inhibits Be3.} (51... Re2 $142 52. Bxb4 cxb4) 52. Bd5 (52. Bg5 $142 Rd6 53. Bf1) 52... Rd6 {[%emt 0:00:00] ...Na3+ is the strong threat.} 53. Bc1 {[%emt 0:00:00] Against Na3+} Nb4 54. Bf7 Nc6 (54... Nd3 $142 55. Bxg6 Ne5+ 56. Kb3 Nxg6) 55. Bb2 g5 56. Kc3 {[%emt 0:00:00] Against Rd2} Rh6 57. Kd2 Rxh3 58. Bf6 g4 {[%emt 0:00:00] White must now prevent ...f4.} 59. Be8 Rf3 60. Bh4 c4 {[%emt 0:00:00] Weighted Error Value: White=0.75/Black=0.50} 0-1

[Event "FRA-ch Teams Top 16-Bas 2022"]
[Site "Chartres"]
[Date "2022.06.18"]
[Round "10.2"]
[White "Marzolo, Cyril"]
[Black "Piorun, Kacper"]
[Result "0-1"]
[ECO "E15"]
[WhiteElo "2376"]
[BlackElo "2635"]
[Annotator "TA"]
[PlyCount "53"]
[EventDate "2022.06.16"]
[EventType "team-tourn"]
[EventCountry "FRA"]
[SourceTitle "playchess.com"]
[Source "ChessBase"]
[SourceQuality "1"]
[TimeControl "40/5400+30:1800+30"]

1. d4 Nf6 2. c4 e6 3. Nf3 b6 4. g3 Ba6 5. Qa4 Bb7 6. Bg2 c5 7. O-O cxd4 {[%emt 0:08:17] E15: Queen's Indian: 4 g3 sidelines, 4 g3 Ba6 and 4 g3 Bb7 early deviations.} 8. Nxd4 Qc8 9. Nc3 Bc5 $5 {[%emt 0:08:04][%mdl 4] [#] Hoping for ...Bxg2. The position is equal. An interesting side line.} 10. Rd1 {[%emt 0:02:55] [#]} a6 $146 ({Predecessor:} 10... O-O 11. h3 Bxg2 12. Kxg2 Nc6 13. Nxc6 Qxc6+ 14. Qxc6 dxc6 15. Bg5 Rfd8 16. Rxd8+ Rxd8 {0-1 (37) Juanoobi,A (2264)-Turner,M (2506) West Bromwich 2004}) 11. Nb3 ({White should play} 11. Bg5 $14) 11... Be7 12. Bf4 O-O 13. Bd6 Bxd6 14. Rxd6 Bxg2 15. Kxg2 Qc7 16. Rdd1 Rc8 17. Nd2 Nc6 18. Nde4 Ne8 19. f4 {[%emt 0:15:27] Prevents Ne5.} (19. Rac1 $15) 19... b5 $17 20. cxb5 axb5 21. Qxb5 d5 {[%emt 0:00:05][%cal Bd7d5,Bd5d4][%mdl 32] ...Rab8 is the strong threat.} 22. Ng5 h6 {[%emt 0:02:54][%mdl 1024] Black has strong compensation.} 23. Nf3 Nd6 {[%emt 0:01:33] Inhibits e4.} 24. Qc5 {[%emt 0:04:04] [#]} Qb8 $1 {[%emt 0:00:19] aiming for ...Ne7.} 25. Rab1 Nf5 {[%emt 0:01:38] Strongly threatening ...d4.} 26. Qf2 d4 $1 {[%emt 0:00:30] Against e3. Black is more active.} 27. Ra1 $2 {[%emt 0:01:39][%mdl 8192] Weighted Error Value: White=0.15 (very precise) /Black=0.05 (flawless)} 0-1